Map: Emerald City LE

Players

denka

  • Race: Protoss Protoss
  • Spawn Location: 5:00

Ove

  • Race: Protoss Protoss
  • Spawn Location: 5:00

Nyck

  • Race: Terran Terran
  • Spawn Location: 11:00

Ekelpack

  • Race: Zerg Zerg
  • Spawn Location: 11:00

VOD

Have the link to the VOD?

Description

Time

  • Played on: Sept. 27, 2020, 1:52 p.m.
  • Length: 19:00
Show
View Real Time Build Order
Export as new Build Order

denka Protoss 

Build Orders: Cannon Rush 

Get SALT Encoding   

  12  0:14  Pylon  
  12  0:17  Probe  
  13  0:34  Forge  
  13  1:10  Pylon  
  13  1:29  Photon Cannon  
  13  1:31  Photon Cannon  
  13  1:39  Photon Cannon  
  13  1:45  Photon Cannon  
  13  1:50  Pylon  
  13  2:17  Pylon  
  13  2:18  Probe (Chrono Boost)  
  14  2:24  Pylon  
  14  2:28  Probe (Chrono Boost)  
  15  2:30  Pylon  
  15  2:33  Pylon, Probe (Chrono Boost)  
  16  2:40  Photon Cannon  
  16  2:48  Pylon  
  16  2:50  Photon Cannon  
  16  3:13  Pylon  
  16  3:31  Photon Cannon  
  16  3:34  Photon Cannon  
  16  3:40  Pylon  
  15  4:06  Pylon  
  15  4:15  Pylon  
  15  5:06  Probe (Chrono Boost)  
  16  5:10  Assimilator  
  16  5:14  Nexus  
  16  5:15  Gateway, Probe (Chrono Boost)  
  16  5:20  Probe (Chrono Boost)  
  18  5:32  Probe  
  19  5:39  Pylon  
  19  5:40  Pylon  
  19  5:44  Probe  
  19  5:47  Assimilator  
  20  5:56  Probe  
  21  6:05  Pylon  
  21  6:14  Cybernetics Core  
  21  6:15  Gateway  
  21  6:18  Probe (Chrono Boost)  
  22  6:29  Probe (Chrono Boost)  
  23  6:36  Probe (Chrono Boost)  
  24  6:41  Probe (Chrono Boost)  
  24  6:45  Pylon  
  24  6:46  Warp Gate (Chrono Boost)  
  25  6:49  Pylon  
  25  6:53  Probe  
  26  7:01  Assimilator  
  26  7:05  Probe  
  27  7:08  Photon Cannon  
  27  7:10  Photon Cannon  
  27  7:13  Photon Cannon  
  27  7:14  Photon Cannon  
  27  7:16  Pylon  
  27  7:17  Probe  
  27  7:18  Shield Battery x2  
  28  7:24  Pylon  
  28  7:29  Probe  
  29  7:34  Photon Cannon  
  29  7:38  Pylon  
  29  7:41  Probe  
  30  8:02  Gateway  
  30  8:05  Photon Cannon  
  30  8:07  Photon Cannon  
  30  8:10  Probe  
  31  8:22  Probe  
  31  8:24  Pylon  
  31  8:34  Probe (Chrono Boost)  
  31  8:36  Assimilator  
  32  8:44  Stalker x2  
  32  8:46  Probe (Chrono Boost)  
  37  8:51  Probe (Chrono Boost)  
  38  9:03  Pylon  
  38  9:05  Pylon  
  38  9:15  Stalker x3  
  44  9:22  Probe (Chrono Boost)  
  45  9:28  Robotics Facility  
  46  9:31  Probe (Chrono Boost)  
  46  9:36  Probe (Chrono Boost)  
  47  9:39  Stalker x3  
  53  9:48  Probe  
  54  9:58  Pylon  
  54  10:00  Probe  
  54  10:02  Pylon  
  55  10:11  Stalker x3  
  61  10:23  Shield Battery x2  
  61  10:25  Shield Battery  
  61  10:36  Pylon  
  61  10:40  Stalker x3  
  67  10:48  Gateway  
  67  10:49  Gateway  
  67  11:10  Nexus  
  67  11:12  Stalker x3  
  74  11:19  Observer  
  74  11:24  Protoss Ground Weapons Level 1 (Chrono Boost)  
  74  11:29  Twilight Council  
  75  11:40  Observer  
  75  11:41  Assimilator  
  75  11:45  Assimilator, Pylon  
  76  12:02  Observer  
  76  12:15  Pylon  
  77  12:23  Observer  
  77  12:24  Probe (Chrono Boost)  
  78  12:34  Probe (Chrono Boost)  
  79  12:42  Probe (Chrono Boost)  
  80  12:49  Blink (Chrono Boost)  
  81  12:53  Probe (Chrono Boost)  
  81  13:03  Probe  
  82  13:18  Stargate  
  82  13:19  Stargate  
  82  13:21  Stargate  
  82  13:23  Stargate  
  82  13:25  Protoss Ground Armor Level 1  
  64  13:53  Observer  
  65  14:02  Void Ray x2  
  73  14:03  Protoss Air Weapons Level 1  
  73  14:08  Void Ray  
  73  14:09  Void Ray  
  80  14:19  Stalker x2  
  80  14:20  Stalker x3  
  90  14:34  Probe (Chrono Boost)  
  91  14:39  Void Ray x2  
  91  14:43  Probe (Chrono Boost)  
  100  14:48  Probe (Chrono Boost)  
  101  15:00  Probe  
  102  15:18  Nexus  
  102  15:42  Pylon  
  102  15:44  Pylon  
  102  15:56  Protoss Shields Level 1  
  102  16:00  Void Ray, Probe  
  107  16:08  Protoss Air Armor Level 1 (Chrono Boost)  
  95  16:47  Probe  
  95  16:48  Assimilator, Probe x2  
  95  16:52  Assimilator  
  98  17:00  Probe x3  
  101  17:11  Nexus  
  101  17:12  Probe x3  
  104  17:24  Probe x3  
  104  17:27  Void Ray x2  
  115  17:36  Probe x3  
  104  18:20  Void Ray x4  
  92  18:59  Stalker x3  
  92  19:00  Stalker x2  
Show
View Real Time Build Order
Export as new Build Order

Ove Protoss 

Build Orders:  

Get SALT Encoding   

  12  0:00  Probe  
  13  0:17  Pylon  
  13  0:19  Probe (Chrono Boost)  
  14  0:31  Probe (Chrono Boost)  
  15  0:39  Forge  
  15  0:45  Probe  
  16  1:00  Pylon  
  16  1:01  Pylon  
  16  1:08  Pylon  
  16  1:22  Photon Cannon  
  15  1:33  Photon Cannon  
  15  1:37  Probe  
  16  2:02  Photon Cannon  
  16  2:07  Pylon  
  16  2:22  Photon Cannon x2  
  16  2:28  Photon Cannon  
  16  2:34  Pylon  
  16  2:42  Pylon  
  16  2:55  Photon Cannon  
  16  3:06  Photon Cannon  
  17  3:27  Probe  
  17  3:33  Photon Cannon  
  17  4:07  Probe  
  18  4:14  Gateway  
  18  4:19  Probe  
  18  4:20  Assimilator, Nexus  
  19  4:25  Assimilator  
  19  4:56  Probe (Chrono Boost)  
  20  5:04  Cybernetics Core  
  20  5:06  Pylon  
  21  5:08  Probe (Chrono Boost)  
  21  5:09  Pylon  
  21  5:13  Probe (Chrono Boost)  
  22  5:18  Pylon  
  22  5:19  Pylon  
  22  5:42  Photon Cannon  
  22  5:48  Photon Cannon  
  22  5:59  Photon Cannon  
  22  6:01  Probe  
  23  6:16  Gateway  
  23  6:17  Probe  
  24  6:52  Pylon  
  24  7:00  Pylon  
  23  7:20  Probe (Chrono Boost)  
  25  7:30  Probe (Chrono Boost)  
  25  7:36  Probe (Chrono Boost)  
  26  7:37  Stalker  
  26  7:38  Stalker  
  26  7:42  Probe (Chrono Boost)  
  26  7:43  Gateway  
  27  7:44  Pylon  
  27  7:46  Warp Gate (Chrono Boost), Probe (Chrono Boost)  
  32  7:54  Probe  
  33  8:06  Gateway x2, Stalker  
  35  8:25  Photon Cannon x2  
  35  8:28  Photon Cannon  
  35  8:35  Pylon  
  35  8:41  Probe x2  
  36  8:51  Robotics Facility  
  36  8:54  Robotics Facility  
  36  8:58  Probe  
  37  9:10  Probe  
  37  9:14  Pylon  
  38  9:23  Probe  
  39  9:27  Stalker  
  39  9:28  Stalker x3  
  39  9:29  Stalker  
  49  9:37  Immortal (Chrono Boost)  
  53  9:56  Pylon  
  53  9:59  Pylon  
  53  10:06  Probe  
  54  10:13  Nexus  
  54  10:23  Shield Battery  
  54  10:26  Shield Battery  
  54  10:36  Immortal (Chrono Boost)  
  58  10:47  Shield Battery  
  58  10:49  Immortal (Chrono Boost)  
  62  11:26  Shield Battery  
  62  11:28  Shield Battery  
  62  11:29  Pylon  
  62  11:31  Probe x3  
  65  11:35  Immortal (Chrono Boost)  
  65  11:37  Assimilator  
  69  11:43  Probe  
  69  11:44  Observer (Chrono Boost)  
  71  11:49  Protoss Ground Weapons Level 1, Probe x2  
  73  11:55  Probe  
  73  11:56  Assimilator  
  74  12:01  Probe  
  74  12:02  Probe  
  74  12:07  Probe  
  77  12:09  Assimilator  
  77  12:13  Probe  
  77  12:14  Robotics Bay  
  78  12:18  Pylon x2  
  78  12:22  Pylon  
  78  12:29  Sentry x4  
  86  12:30  Sentry  
  88  12:43  Immortal x2 (Chrono Boost)  
  96  12:58  Extended Thermal Lance (Chrono Boost)  
  96  13:15  Colossus x2 (Chrono Boost)  
  108  13:27  Forge  
  108  13:35  Stalker  
  108  13:36  Stalker x4  
  118  14:14  Stalker  
  118  14:15  Stalker x2  
  124  14:21  Pylon  
  124  14:23  Pylon  
  124  14:45  Probe x2, Pylon  
  125  14:46  Probe  
  125  14:47  Assimilator  
  127  14:58  Colossus x2 (Chrono Boost)  
  139  15:41  Twilight Council  
  139  15:43  Pylon  
  139  15:44  Colossus  
  139  15:45  Pylon  
  139  15:47  Protoss Ground Armor Level 1 (Chrono Boost)  
  139  15:48  Pylon x2, Protoss Shields Level 1 (Chrono Boost)  
  145  16:01  Photon Cannon, Colossus  
  145  16:03  Photon Cannon  
  145  16:04  Shield Battery x2  
  151  16:05  Probe x3  
  154  16:21  Stalker x4  
  154  16:22  Stalker  
  164  16:55  Gateway  
  164  16:59  Gateway  
  164  17:04  Colossus  
  164  17:05  Immortal  
  174  17:13  Pylon  
  174  17:14  Pylon  
  174  17:15  Pylon  
  174  17:33  Nexus  
  158  17:50  Colossus (Chrono Boost)  
  154  17:55  Colossus (Chrono Boost)  
  156  18:02  Stalker x2  
  156  18:03  Stalker x5  
  132  18:46  Stalker x2  
Show
View Real Time Build Order
Export as new Build Order

Nyck Terran 

Build Orders:  

Get SALT Encoding   

  12  0:01  SCV  
  13  0:14  SCV  
  14  0:18  Supply Depot  
  14  0:26  SCV  
  15  0:37  Refinery  
  15  0:40  SCV  
  16  0:47  Barracks  
  16  0:52  SCV  
  17  1:13  SCV  
  18  1:25  SCV  
  19  2:27  Orbital Command  
  14  4:06  Orbital Command  
  14  4:44  SCV  
  15  4:56  SCV  
  16  5:08  SCV  
  16  5:09  Refinery  
  16  5:10  Refinery  
  17  5:20  SCV  
  18  5:32  SCV  
  19  5:44  SCV  
  20  5:56  SCV  
  21  6:33  Orbital Command  
  21  7:03  SCV  
  22  7:15  SCV  
  22  7:21  Refinery x2  
  23  7:33  Supply Depot  
  23  7:55  SCV  
  24  8:07  Supply Depot, SCV  
  25  8:19  SCV  
  26  8:24  Factory  
  26  8:31  SCV  
  27  8:43  SCV, Factory  
  28  8:55  SCV  
  29  8:57  Command Center  
  29  8:58  Command Center  
  29  9:07  SCV  
  30  9:26  Starport  
  30  9:30  Starport  
  30  9:31  Factory Reactor x2  
  30  9:35  SCV  
  31  9:47  SCV  
  32  9:59  SCV  
  33  10:11  SCV  
  34  10:20  Factory, Factory Reactor  
  34  10:22  Factory Reactor  
  34  10:23  SCV  
  34  10:24  Factory  
  35  10:31  Engineering Bay  
  35  10:48  Supply Depot  
  35  10:49  Supply Depot  
  35  10:53  Viking x2  
  35  10:54  Viking  
  41  11:10  Orbital Command  
  41  11:12  Supply Depot x2, Orbital Command  
  41  11:35  SCV  
  42  11:41  Refinery  
  42  11:45  Refinery x2  
  42  11:46  SCV  
  42  11:47  SCV x2  
  44  11:48  Refinery  
  44  11:51  Viking  
  44  11:52  Viking x3  
  53  11:57  Factory Tech Lab  
  53  11:59  SCV x3  
  56  12:02  Hellion  
  56  12:03  Hellion  
  60  12:11  SCV x3  
  63  12:23  SCV x3  
  63  12:29  Viking x4  
  74  12:31  Factory Tech Lab  
  74  12:35  SCV x3  
  77  12:47  SCV x2  
  77  12:48  SCV  
  77  12:49  Hellion x2  
  77  12:50  Hellion  
  86  12:51  Infernal Pre-Igniter  
  86  12:59  SCV x2, Viking x2  
  86  13:00  SCV  
  93  13:11  Siege Tank, Hellion x2, SCV  
  101  13:30  SCV x3  
  101  13:32  Supply Depot, Siege Tank  
  107  13:44  SCV x3  
  107  13:47  Hellion x4  
  118  13:55  Supply Depot  
  118  14:18  Supply Depot  
  118  14:25  SCV x3  
  118  14:29  Widow Mine x4  
  129  14:36  Viking x4  
  137  14:40  Supply Depot  
  137  14:43  Siege Tank  
  140  15:04  SCV x3  
  143  15:14  Supply Depot  
  143  15:16  Siege Tank  
  146  15:22  Widow Mine x4  
  146  15:24  Viking x3  
  160  15:38  Supply Depot  
  160  15:48  Siege Tank, Armory  
  163  16:01  Supply Depot  
  159  16:20  Siege Tank  
  159  16:23  Supply Depot  
  140  16:45  Supply Depot, Terran Vehicle Weapons Level 1  
  140  16:49  Mag-Field Accelerator  
  140  17:08  Supply Depot  
  140  17:18  Liberator x4  
  152  17:25  Hellion x5  
  162  17:31  Supply Depot  
  128  17:46  Hellion x2  
  128  17:47  Hellion x3  
  128  18:00  Liberator  
  128  18:01  Liberator x3  
  140  18:08  Siege Tank, Hellion x4  
  140  18:09  Thor  
  151  18:29  Hellion x4  
Show
View Real Time Build Order
Export as new Build Order

Ekelpack Zerg 

Build Orders: Pool First 

Get SALT Encoding   

  12  0:00  Drone  
  13  0:13  Overlord  
  13  0:17  Drone  
  14  0:31  Drone x2  
  14  0:35  Drone  
  17  1:02  Extractor  
  17  1:03  Spawning Pool, Drone x2  
  17  1:20  Drone x2  
  19  1:31  Drone  
  20  1:53  Queen  
  22  1:56  Overlord  
  22  2:13  Zergling x2, Extractor  
  22  2:14  Zergling x2  
  23  2:21  Zergling x2  
  24  2:48  Zergling x2  
  24  2:49  Zergling x4, Metabolic Boost  
  24  3:02  Zergling x2  
  24  3:07  Queen  
  26  3:14  Zergling x2  
  27  3:28  Zergling x2  
  28  3:39  Zergling x4  
  28  3:40  Zergling x2  
  29  3:47  Queen  
  29  3:52  Roach Warren  
  26  4:35  Hatchery  
  25  4:39  Roach x2  
  25  4:41  Overlord x2  
  29  4:46  Lair  
  29  5:00  Roach x2  
  29  5:01  Roach x3  
  39  5:22  Drone x3  
  39  5:23  Drone  
  43  5:45  Glial Reconstitution  
  43  5:52  Roach x4  
  43  5:54  Overlord x2  
  51  6:25  Overlord  
  51  6:28  Evolution Chamber  
  50  6:41  Roach x5  
  50  6:42  Roach x4  
  50  6:43  Overlord  
  68  6:55  Zerg Missile Weapons Level 1  
  64  7:30  Roach  
  64  7:31  Roach x6  
  72  7:58  Overlord x2  
  70  8:14  Hydralisk Den  
  69  8:32  Hatchery  
  68  8:51  Zerg Missile Weapons Level 2  
  68  8:54  Hydralisk  
  70  8:57  Hydralisk  
  72  9:13  Grooved Spines  
  69  9:52  Drone x4  
  73  9:53  Drone x7  
  73  9:54  Drone  
  81  10:17  Extractor  
  78  10:41  Drone x2  
  78  10:42  Drone x4, Overlord  
  84  10:43  Overlord x2  
  84  10:56  Extractor  
  83  11:07  Overlord  
  83  11:08  Hydralisk x2  
  87  11:24  Hatchery  
  86  11:33  Zerg Ground Armor Level 1  
  86  11:39  Muscular Augments  
  86  11:48  Drone x3  
  86  11:49  Drone x3  
  92  12:02  Hydralisk x5  
  92  12:03  Hydralisk  
  104  12:35  Hydralisk x4  
  104  12:36  Hydralisk x4  
  120  12:51  Overseer  
  120  12:52  Overseer  
  120  13:00  Drone x3  
  123  13:06  Drone  
  123  13:07  Drone x2  
  123  13:08  Overlord  
  123  13:09  Overlord x2  
  126  13:32  Zerg Ground Armor Level 2  
  126  13:41  Infestation Pit  
  125  13:42  Drone x3  
  125  13:44  Overlord  
  125  13:45  Overlord, Extractor, Hydralisk x3  
  125  13:46  Hydralisk x2  
  135  14:03  Hydralisk x5  
  136  14:20  Hydralisk x3  
  136  14:21  Hydralisk  
  144  14:44  Hatchery  
  143  14:52  Hydralisk x3  
  149  15:07  Hydralisk  
  149  15:08  Hydralisk x2  
  155  15:41  Overlord  
  155  15:43  Hydralisk  
  155  15:44  Hydralisk x2  
  155  15:46  Overlord  
  161  15:57  Drone  
  162  16:23  Drone x2  
  164  16:34  Hydralisk x3  
  164  16:35  Hydralisk x5  
  164  16:36  Hydralisk x2  
  184  16:40  Overlord x2  
  184  16:45  Overlord  
  184  16:46  Overlord  
  184  16:54  Overlord  
  184  17:23  Hydralisk x4  
  182  17:43  Hatchery  
  147  17:55  Hydralisk x4  
  147  17:56  Hydralisk x4  
  151  18:08  Hydralisk x3  
Tags
 
Add a new tag
Caveats
  • Supply blocks, unpowered buildings, or Contaminate may cause inaccurate times.
  • Supply counts are checked every 10 seconds.